 Dungeon Crawl Stone Soup version 0.30-a0-140-gd1020e658a (webtiles) character file.

Game seed: 5914590822158386322

6913 qw the Cleaver (level 11, -4/71 HPs)
             Began as a Gargoyle Fighter on Sept 24, 2022.
             Slain by a wyvern (14 damage)
             ... on level 9 of the Dungeon.
             The game lasted 00:03:41 (7133 turns).

qw the Cleaver (Gargoyle Fighter)                   Turns: 7133, Time: 00:03:41

Health: -4/71      AC: 22    Str: 24    XL:     11   Next: 7%
Magic:  11/11      EV:  7    Int:  9    God:
Gold:   524        SH:  4    Dex:  9    Spells: 10/10 levels left

rFire   . . .      SeeInvis .    Y - +4 war axe
rCold   + . .      Faith    .    c - +0 buckler
rNeg    + + .      Spirit   .    o - +0 plate armour
rPois   inf        Reflect  .    (no helmet)
rElec   +          Harm     .    (no cloak)
rCorr   .          Rampage  .    f - +0 pair of gloves
Will    .....                    (no boots)
Stlth   ..........               l - amulet of regeneration
HPRegen 1.01/turn                j - ring of protection from cold
MPRegen 0.12/turn                n - ring of positive energy

@: no status effects
A: sickness immunity, AC +8, negative energy resistance 1, electricity
resistance, torment resistance 1, petrification resistance
a: no special abilities


You were on level 9 of the Dungeon.
You visited 1 branch of the dungeon, and saw 9 of its levels.

You collected 569 gold pieces.
You spent 45 gold pieces at shops.


Innate Abilities, Weirdness & Mutations

You are immune to sickness and miasma.
Your stone body is resilient. (AC +8)
You are immune to poison.
You resist negative energy. (rN+)
You are resistant to electric shocks. (rElec)
You are resistant to unholy torment.
You are immune to petrification.


   Skills:
 - Level 9.2 Fighting
 + Level 11.8 Axes
 - Level 1.4 Throwing
 - Level 7.1 Armour
 - Level 1.0 Dodging
 - Level 5.0 Shields


You had 10 spell levels left.
You didn't know any spells.
Your spell library was empty.

Inventory:

Hand Weapons
 a - a +0 morningstar of protection
 Y - a +4 war axe (weapon)
Armour
 c - a +0 buckler (worn)
 f - a +0 pair of gloves (worn)
 k - a +0 helmet
 o - a +0 plate armour (worn)
Jewellery
 j - a ring of protection from cold (left hand)
 l - an amulet of regeneration (around neck)
 n - a ring of positive energy (right hand)
Scrolls
 h - 4 scrolls of identify
Potions
 b - a potion of cancellation
 d - 3 potions of might
 e - 2 potions of haste
 g - a potion of resistance
 i - 4 potions of attraction
 m - 3 potions of curing

Dungeon Overview and Level Annotations

Branches:
Dungeon (9/15)             Temple (0/1) D:7            Lair (0/5) D:9
    Orc: D:9-12

Altars:
Ashenzari
Ru
The Shining One

Shops:
D:3 :*(


Message History

You hit the yak.
The yak is heavily wounded.
You hit the wyvern. The yak gores you.
The wyvern bites you but does no damage.
You slice the yak!!
You kill the yak!
You slash the yak! x2; You hit the wyvern but do no damage.
The wyvern bites you but does no damage.
You block the yak's attack. The yak gores you but does no damage.
You block the wyvern's attack.
You slash the yak!
The yak is severely wounded.
You hit the yak. You barely miss the wyvern.
The yak gores you but does no damage. x2; You block the wyvern's attack.
You barely miss the yak.
The yak is severely wounded.
You closely miss the yak. You hit the wyvern.
The wyvern bites you but does no damage.
The yak barely misses you. The yak closely misses you.
The wyvern bites you but does no damage.
You closely miss the yak.
The yak is severely wounded.
You hit the wyvern. You barely miss the yak. The yak gores you! x2
The wyvern bites you but does no damage.
You slash the yak!
You kill the yak!
You hit the wyvern. You slash the yak! You block the wyvern's attack.
The yak closely misses you.
You barely miss the yak.
The yak is severely wounded.
You hit the wyvern but do no damage.
The wyvern bites you but does no damage.
You block the yak's attack. The wyvern bites you.
You slash the yak!
You kill the yak!
You hit the wyvern but do no damage. The wyvern bites you!
You die...

#....$# #.....# #.....# #!....#
#..>..# #.....# #%l...# #@....#
################.....############
.................................
..^.......<...................../
....>....................<.......
....<....................).......
.................................
################....%############
#.....#


You could see a wyvern.

Vanquished Creatures
  A two-headed ogre (D:8)
  Pikel (D:5)
  Joseph (D:8)
  Maggie (D:6)
  3 hornets
  7 yaks
  Sigmund (D:5)
  A steam dragon (D:5)
  Menkaure (D:6)
  Duvessa (D:6)
  An orc warrior (D:9)
  2 sky beasts
  2 black bears
  2 centaurs
  A lemure (D:5)
  2 kobold brigands
  2 phantoms (D:5)
  A necrophage (D:6)
  2 scorpions
  14 wights
  Dowan (D:6)
  6 killer bees (D:7)
  4 howler monkeys (D:8)
  A lava snake (D:7)
  5 jellies
  5 hounds
  2 orc priests
  3 gnoll boudas
  4 iguanas
  3 orc wizards
  17 gnolls
  9 adders
  A shadow imp (D:6)
  A white imp (D:5)
  An ufetubus (D:6)
  A worm (D:2)
  3 dart slugs
  21 orcs
  5 endoplasms
  3 giant cockroaches
  8 hobgoblins
  3 jackals (D:1)
  15 kobolds
  6 quokkas
  6 ball pythons
  5 bats
  4 frilled lizards
  6 goblins
  4 rats
  A butterfly (D:4)
201 creatures vanquished.

Vanquished Creatures (collateral kills)
  An adder (D:3)
  A goblin (D:3)
  A frilled lizard (D:3)
3 creatures vanquished.

Vanquished Creatures (others)
  An orc wizard (D:5)
  2 fungi (D:2)
  9 plants
12 creatures vanquished.

Grand Total: 216 creatures vanquished

Notes
Turn   | Place    | Note
-------+----------+-------------------------------------------
     0 | D:1      | qw the Gargoyle Fighter began the quest for the Orb.
     0 | D:1      | Reached XP level 1. HP: 14/14 MP: 1/1
     0 | D:1      | 0 ||| qw: Version: 0.1.0-9-gbc19398
     0 | D:1      | 0 ||| qw: Game counter: 40
     0 | D:1      | 0 ||| qw: Always use a shield: true
     0 | D:1      | 0 ||| qw: God list: Okawaru
     0 | D:1      | 0 ||| qw: Allow faded altars: false
     0 | D:1      | 0 ||| qw: Do Orc after D:15 true
     0 | D:1      | 0 ||| qw: Do second Lair branch before Depths: true
     0 | D:1      | 0 ||| qw: Lair rune preference: random
     0 | D:1      | 0 ||| qw: Plans: Normal, Zot:1-4, God:TSO, Crypt, Tomb,
                  | Pan, Slime:5, Hells, Abyss, Orb
     0 | D:1      | 0 ||| PLANNING D:1-11
    84 | D:1      | Reached skill level 2 in Axes
   126 | D:1      | Reached XP level 2. HP: 15/19 MP: 2/2
   194 | D:1      | 194 ||| Stepping ~*~*~tactically~*~*~ (stealth).
   195 | D:1      | 195 ||| Stepping ~*~*~tactically~*~*~ (stealth).
   363 | D:1      | Reached skill level 3 in Axes
   441 | D:1      | Reached XP level 3. HP: 18/23 MP: 3/3
   941 | D:1      | 941 ||| READING scroll labelled MEBYWO GUOPH.
   942 | D:1      | 942 ||| READING scroll labelled MOWO JUANOLOE.
   943 | D:1      | 943 ||| READING scroll labelled GIXE ETO PAMUGOLOU.
   948 | D:1      | 948 ||| READING scroll labelled HUDIREYPTEHI.
  1057 | D:2      | 1057 ||| Stepping ~*~*~tactically~*~*~ (stealth).
  1058 | D:2      | 1058 ||| Stepping ~*~*~tactically~*~*~ (stealth).
  1072 | D:2      | 1072 ||| Stepping ~*~*~tactically~*~*~ (stealth).
  1074 | D:2      | 1074 ||| Stepping ~*~*~tactically~*~*~ (stealth).
  1105 | D:2      | 1105 ||| Stepping ~*~*~tactically~*~*~ (stealth).
  1105 | D:2      | Found a faded altar of an unknown god.
  1114 | D:2      | 1114 ||| FLEEEEING.
  1115 | D:2      | 1115 ||| FLEEEEING.
  1116 | D:2      | 1116 ||| FLEEEEING.
  1117 | D:2      | 1117 ||| FLEEEEING.
  1166 | D:2      | 1166 ||| Stepping ~*~*~tactically~*~*~ (stealth).
  1167 | D:2      | 1167 ||| Stepping ~*~*~tactically~*~*~ (stealth).
  1168 | D:2      | 1168 ||| Stepping ~*~*~tactically~*~*~ (stealth).
  1169 | D:2      | 1169 ||| Stepping ~*~*~tactically~*~*~ (stealth).
  1170 | D:2      | 1170 ||| Stepping ~*~*~tactically~*~*~ (stealth).
  1199 | D:2      | 1199 ||| DROPPING +0 club.
  1266 | D:2      | Reached XP level 4. HP: 28/28 MP: 4/4
  1381 | D:2      | Reached skill level 4 in Axes
  1780 | D:2      | 1780 ||| UPGRADING to +0 pair of gloves.
  1785 | D:2      | 1785 ||| DRINKING 2 orange potions.
  1786 | D:2      | 1786 ||| DRINKING 2 smoky emerald potions.
  1797 | D:3      | Found Widiud's Weapon Emporium.
  1804 | D:3      | 1804 ||| BUYING +0 flail (45 gold).
  1804 | D:3      | Bought a +0 flail for 45 gold pieces
  1804 | D:3      | 1804 ||| DROPPING +0 mace.
  1810 | D:3      | 1810 ||| Stepping ~*~*~tactically~*~*~ (stealth).
  1980 | D:3      | Found Saidwiof's General Store.
  1992 | D:3      | 1992 ||| SHOPLISTING +3 scale mail of poison resistance
                  | (276 gold, have 89).
  2034 | D:3      | 2034 ||| Stepping ~*~*~tactically~*~*~ (stealth).
  2154 | D:3      | Found a broken altar of Ashenzari.
  2166 | D:3      | Found a glowing golden altar of the Shining One.
  2177 | D:3      | Found a sacrificial altar of Ru.
  2405 | D:3      | Found Upuriptoji's Book Shop.
  2419 | D:3      | 2419 ||| UPGRADING to amulet of regeneration.
  2424 | D:3      | 2424 ||| READING scroll labelled MUUR BOF VOI.
  2425 | D:3      | 2425 ||| READING scroll labelled KEEJ VUYGU.
  2426 | D:3      | 2426 ||| DRINKING 3 bubbling orange potions.
  2427 | D:3      | 2427 ||| READING 2 scrolls of identify.
  2427 | D:3      | 2427 ||| IDENTIFYING fizzy cyan potion
  2428 | D:3      | 2428 ||| DROPPING 2 potions of brilliance.
  2429 | D:3      | 2429 ||| Stepping randomly (stuck).
  2430 | D:3      | 2430 ||| Stepping randomly (stuck).
  2431 | D:3      | 2431 ||| Stepping randomly (stuck).
  2443 | D:3      | 2443 ||| Stepping randomly (stuck).
  2457 | D:3      | Reached XP level 5. HP: 25/32 MP: 5/5
  2573 | D:3      | 2573 ||| Stepping ~*~*~tactically~*~*~ (stealth).
  2574 | D:3      | 2574 ||| Stepping ~*~*~tactically~*~*~ (stealth).
  2707 | D:3      | 2707 ||| READING scroll labelled DANNOO CEKE.
  2708 | D:3      | 2708 ||| READING scroll labelled DUBLIO EWIG.
  2709 | D:3      | 2709 ||| READING scroll labelled EMAUPH ZARPHEIS.
  2742 | D:4      | Reached skill level 5 in Axes
  2746 | D:4      | 2746 ||| FLEEEEING.
  2747 | D:4      | 2747 ||| STAIRDANCE
  2824 | D:4      | 2824 ||| DROPPING amulet of faith.
  2825 | D:4      | 2825 ||| READING scroll labelled HEUVIDD FOAFAKA.
  2826 | D:4      | 2826 ||| Stepping randomly (stuck).
  2827 | D:4      | 2827 ||| Stepping randomly (stuck).
  2828 | D:4      | 2828 ||| Stepping randomly (stuck).
  2829 | D:4      | 2829 ||| Stepping randomly (stuck).
  2830 | D:4      | 2830 ||| Stepping randomly (stuck).
  2831 | D:4      | 2831 ||| Stepping randomly (stuck).
  2832 | D:4      | 2832 ||| Stepping randomly (stuck).
  2833 | D:4      | 2833 ||| Stepping randomly (stuck).
  2834 | D:4      | 2834 ||| Stepping randomly (stuck).
  2835 | D:4      | 2835 ||| Stepping randomly (stuck).
  2836 | D:4      | 2836 ||| Stepping randomly (stuck).
  2837 | D:4      | 2837 ||| Stepping randomly (stuck).
  2838 | D:4      | 2838 ||| Stepping randomly (stuck).
  2839 | D:4      | 2839 ||| Stepping randomly (stuck).
  2840 | D:4      | 2840 ||| Stepping randomly (stuck).
  2841 | D:4      | 2841 ||| Stepping randomly (stuck).
  2842 | D:4      | 2842 ||| Stepping randomly (stuck).
  2843 | D:4      | 2843 ||| Stepping randomly (stuck).
  2844 | D:4      | 2844 ||| Stepping randomly (stuck).
  2845 | D:4      | 2845 ||| Stepping randomly (stuck).
  2846 | D:4      | 2846 ||| Stepping randomly (stuck).
  2958 | D:4      | 2958 ||| Stepping ~*~*~tactically~*~*~ (stealth).
  3012 | D:4      | Reached skill level 1 in Dodging
  3012 | D:4      | Reached XP level 6. HP: 38/38 MP: 6/6
  3396 | D:4      | Noticed a black bear
  3411 | D:4      | Killed a black bear
  3412 | D:4      | Reached skill level 6 in Axes
  3416 | D:4      | Reached XP level 7. HP: 43/43 MP: 7/7
  3487 | D:4      | 3487 ||| UPGRADING to +0 chain mail.
  3497 | D:4      | 3497 ||| DROPPING +0 scale mail.
  3498 | D:4      | 3498 ||| UPGRADING to +0 plate armour.
  3508 | D:4      | 3508 ||| DROPPING +0 chain mail.
  3509 | D:4      | 3509 ||| READING scroll labelled YZIAJA RIOT.
  3610 | D:4      | 3610 ||| DRINKING 2 metallic grey potions.
  3611 | D:4      | 3611 ||| READING 3 scrolls of identify.
  3611 | D:4      | 3611 ||| IDENTIFYING white potion
  3612 | D:4      | 3612 ||| DROPPING potion of degeneration.
  3640 | D:5      | Entered Level 5 of the Dungeon
  3640 | D:5      | Noticed Sigmund
  3643 | D:5      | Killed Sigmund
  3700 | D:5      | Noticed a steam dragon
  3710 | D:5      | Killed a steam dragon
  3711 | D:5      | 3711 ||| Stepping ~*~*~tactically~*~*~ (cloud).
  3788 | D:5      | Noticed Pikel
  3789 | D:5      | 3789 ||| Stepping ~*~*~tactically~*~*~ (stealth).
  3796 | D:5      | 3796 ||| Stepping ~*~*~tactically~*~*~ (stealth).
  3813 | D:5      | Killed Pikel
  3814 | D:5      | Reached skill level 8 in Axes
  3814 | D:5      | Reached XP level 8. HP: 31/48 MP: 8/8
  3896 | D:5      | 3896 ||| FLEEEEING.
  3897 | D:5      | 3897 ||| FLEEEEING.
  3914 | D:5      | Reached skill level 1 in Throwing
  4229 | D:5      | 4229 ||| Stepping ~*~*~tactically~*~*~ (hiding).
  4247 | D:5      | 4247 ||| READING scroll of enchant weapon.
  4247 | D:5      | 4247 ||| ENCHANTING +1 war axe.
  4334 | D:5      | 4334 ||| UPGRADING to ring of protection from cold.
  4335 | D:5      | 4335 ||| READING scroll labelled ERABLO CIONEE.
  4346 | D:5      | 4346 ||| READING 3 scrolls of identify.
  4346 | D:5      | 4346 ||| IDENTIFYING pink potion
  4347 | D:5      | 4347 ||| READING 2 scrolls of identify.
  4347 | D:5      | 4347 ||| IDENTIFYING bubbling silvery potion
  4348 | D:5      | 4348 ||| DROPPING potion of berserk rage.
  4423 | D:6      | Noticed Maggie
  4424 | D:6      | 4424 ||| STAIRDANCE
  4432 | D:5      | HP: 5/50 [ogre/+0 giant club (21)]
  4433 | D:5      | 4433 ||| READING scroll of teleportation.
  4434 | D:5      | 4434 ||| DRINKING 2 potions of heal wounds.
  4435 | D:5      | 4435 ||| DRINKING potion of heal wounds.
  4470 | D:6      | Killed Maggie
  4471 | D:6      | Reached XP level 9. HP: 39/57 MP: 9/9
  4492 | D:6      | Identified the ring of the Barracuda {Fly rElec}
  4521 | D:6      | Noticed Dowan
  4522 | D:6      | Noticed Duvessa
  4523 | D:6      | 4523 ||| FLEEEEING.
  4541 | D:6      | Killed Duvessa
  4542 | D:6      | HP: 14/57 [Dowan/stone arrow (18)]
  4547 | D:6      | HP: 10/57 [Dowan/+0 dagger (1)]
  4553 | D:6      | 4553 ||| Stepping ~*~*~tactically~*~*~ (hiding).
  4554 | D:6      | 4554 ||| Stepping ~*~*~tactically~*~*~ (hiding).
  4562 | D:6      | HP: 13/57 [Dowan/puff of flame (11)]
  4565 | D:6      | HP: 6/57 [Dowan/puff of flame (10)]
  4570 | D:6      | Killed Dowan
  4572 | D:6      | 4572 ||| FLEEEEING.
  4628 | D:6      | 4628 ||| Stepping ~*~*~tactically~*~*~ (hiding).
  4810 | D:6      | 4810 ||| Stepping ~*~*~tactically~*~*~ (hiding).
  4824 | D:6      | Reached skill level 9 in Axes
  4920 | D:6      | Noticed Menkaure
  4928 | D:6      | Killed Menkaure
  4958 | D:6      | 4958 ||| Stepping ~*~*~tactically~*~*~ (hiding).
  4983 | D:6      | 4983 ||| Stepping ~*~*~tactically~*~*~ (hiding).
  4993 | D:6      | Reached skill level 6 in Armour
  4995 | D:6      | 4995 ||| DRINKING 2 potions of curing.
  4995 | D:6      | 4995 ||| (to cure confusion)
  5171 | D:6      | 5171 ||| DROPPING ring of the Barracuda {Fly rElec}.
  5172 | D:6      | 5172 ||| UPGRADING to ring of positive energy.
  5173 | D:6      | 5173 ||| DRINKING 2 sedimented ruby potions.
  5274 | D:6      | 5274 ||| DROPPING potion of ambrosia.
  5290 | D:7      | 5290 ||| Stepping ~*~*~tactically~*~*~ (stealth).
  5383 | D:7      | Found a staircase to the Ecumenical Temple.
  5392 | D:7      | 5392 ||| Stepping ~*~*~tactically~*~*~ (hiding).
  5465 | D:7      | 5465 ||| Stepping ~*~*~tactically~*~*~ (stealth).
  5484 | D:7      | Reached skill level 10 in Axes
  5516 | D:7      | 5516 ||| READING scroll of enchant weapon.
  5516 | D:7      | 5516 ||| ENCHANTING +2 war axe.
  5552 | D:7      | HP: 13/57 [wight/+2 scimitar (6)]
  5553 | D:7      | 5553 ||| READING 2 scrolls of teleportation.
  5556 | D:7      | HP: 5/57 [wight/+3 great sword of freezing (5)]
  5558 | D:7      | Reached XP level 10. HP: 6/64 MP: 10/10
  5558 | D:7      | 5558 ||| READING scroll of teleportation.
  5558 | D:7      | HP: 1/64 [killer bee (6)]
  5635 | D:7      | 5635 ||| DROPPING +0 flail.
  5752 | D:7      | 5752 ||| Stepping ~*~*~tactically~*~*~ (hiding).
  5901 | D:7      | 5901 ||| DROPPING scarf of harm.
  6056 | D:8      | 6056 ||| Stepping ~*~*~tactically~*~*~ (hiding).
  6094 | D:8      | 6094 ||| DROPPING +1 morningstar of venom.
  6099 | D:8      | 6099 ||| Stepping ~*~*~tactically~*~*~ (stealth).
  6101 | D:8      | 6101 ||| Stepping ~*~*~tactically~*~*~ (stealth).
  6103 | D:8      | 6103 ||| Stepping ~*~*~tactically~*~*~ (stealth).
  6106 | D:8      | 6106 ||| Stepping ~*~*~tactically~*~*~ (stealth).
  6284 | D:8      | Noticed Joseph
  6299 | D:8      | Killed Joseph
  6300 | D:8      | Reached skill level 11 in Axes
  6423 | D:8      | HP: 15/64 [yak (8)]
  6480 | D:8      | 6480 ||| READING scroll of enchant weapon.
  6480 | D:8      | 6480 ||| ENCHANTING +3 war axe.
  6515 | D:8      | 6515 ||| Stepping ~*~*~tactically~*~*~ (stealth).
  6532 | D:8      | 6532 ||| Stepping ~*~*~tactically~*~*~ (hiding).
  6547 | D:8      | 6547 ||| Stepping ~*~*~tactically~*~*~ (hiding).
  6750 | D:8      | 6750 ||| READING scroll labelled GONUEZ QYSUTHROJYPP.
  6751 | D:8      | 6751 ||| READING 6 scrolls of identify.
  6751 | D:8      | 6751 ||| IDENTIFYING fuming ruby potion
  6752 | D:8      | 6752 ||| READING 5 scrolls of identify.
  6752 | D:8      | 6752 ||| IDENTIFYING brown potion
  6753 | D:8      | 6753 ||| READING 4 scrolls of identify.
  6753 | D:8      | 6753 ||| IDENTIFYING fuming yellow potion
  6754 | D:8      | 6754 ||| DROPPING potion of magic.
  6755 | D:8      | 6755 ||| DROPPING potion of flight.
  6788 | D:8      | Noticed a two-headed ogre
  6805 | D:8      | Killed a two-headed ogre
  6806 | D:8      | Reached skill level 9 in Fighting
  6913 | D:9      | 6913 ||| STAIRDANCE
  7033 | D:9      | Identified the +11 quarterstaff "Hylius" {vorpal, rC++
                  | Int+3}
  7069 | D:9      | Found a staircase to the Lair.
  7118 | D:9      | Reached XP level 11. HP: 70/71 MP: 11/11
  7130 | D:9      | HP: 8/71 [yak (10)]
  7133 | D:9      | Slain by a wyvern

Levels and vault maps discovered:
D:1:      heliophobic_arrival_enchanted_forest, layout_basic
D:2:      layout_loops_ring, shapermc_ecumenical_altar_rom_forum
D:3:      layout_basic, minmay_overflow_temple_star_quad, serial_shops, shop,
          shop_statue, shop, nrook_mini_vaults, grunt_decor_one_mirror,
          serial_bayou_pond_a, amcnicky_mini_corridor_feature, hex_intersection,
          dk_noncrumbling_4, minivault_5, minmay_checkerbox
D:4:      layout_loops_ring, grunt_ministairs_11, hangedman_glass_garden
D:5:      layout_basic, uniq_pikel, uniq_sigmund
D:6:      layout_rooms, hangedman_minor_gate_pass, uniq_duvessa, uniq_menkaure,
          uniq_maggie
D:7:      layout_rooms, minmay_temple_entry_from_below_a, kennysheep_flooded_box
D:8:      kennysheep_ambush_hall, layout_gridville, uniq_joseph
D:9:      layout_cross, lair_entry_dummy

Skill      XL: |  1  2  3  4  5  6  7  8  9 10 |
---------------+-------------------------------+-----
Axes           | 2 3 4 5 6 8 10 11 | 11.8
Fighting       | 4 7 9 |  9.2
Dodging        | 1 |  1.0
Armour         | 4 6 7 |  7.1
Throwing       | 1 |  1.4
Shields        | 4 5 |  5.0

Action                   |  1- 3 |  4- 6 |  7- 9 | 10-12 || total
-------------------------+-------+-------+-------+-------++-------
Melee: War axe           |   109 |   118 |   334 |   201 ||   762
Throw: Boomerang         |       |    17 |     7 |       ||    24
  Use: Scroll            |     4 |     7 |     9 |     6 ||    26
       Potion            |       |     3 |     5 |       ||     8
 Stab: Distracted        |     1 |       |       |       ||     1
Armor: Scale mail        |    66 |    66 |       |       ||   132
       Plate armour      |       |       |   295 |   112 ||   407
Dodge: Dodged            |    52 |    67 |   110 |    54 ||   283
Block: Buckler           |    26 |    26 |    82 |    34 ||   168

Table legend:
 A = Non-vault XP
 B = Vault XP
 C = Vault XP percentage of total XP
 D = Non-vault monster count
 E = Vault monster count
 F = Vault count percentage of total count
                 A         B        C        D         E       F
            +---------+---------+-------+---------+---------+-------
      Total |    7020 |    3069 |  30.4 |     178 |      25 |  12.3
            +---------+---------+-------+---------+---------+-------
        D:1 |      42 |       0 |   0.0 |      25 |       0 |   0.0
        D:2 |      68 |       0 |   0.0 |      18 |       0 |   0.0
        D:3 |      33 |      31 |  48.4 |      13 |       4 |  23.5
        D:4 |     447 |      14 |   3.0 |      25 |       2 |   7.4
        D:5 |     650 |     831 |  56.1 |      14 |       2 |  12.5
        D:6 |     678 |    1004 |  59.7 |      18 |       8 |  30.8
        D:7 |    1505 |       0 |   0.0 |      28 |       0 |   0.0
        D:8 |    2186 |    1189 |  35.2 |      27 |       9 |  25.0
        D:9 |    1411 |       0 |   0.0 |      10 |       0 |   0.0
            +---------+---------+-------+---------+---------+-------
